| TOP OF THE 1ST |
|
Seattle (APP) Mariners batting - Pitching for Bluefield Blue Jays : RHP Shalom Diender
|
|
Pitching: RHP Shalom Diender
|
|
|
Batting: RHB Chris Van Niel
|
0-0: Ball 1-0: Called Strike 1-1: Ball 2-1: Ground out 5-3 (Groundball, 56, EV 75.6 MPH)
|
|
Batting: RHB John Vasquez
|
0-0: Ball 1-0: Called Strike 1-1: Swinging Strike 1-2: Fly out, F9 (Flyball, 9LSF, EV 95.0 MPH)
|
|
Batting: SHB Carlos Luna
|
0-0: Ground out 4-3 (Groundball, 34, EV 110.0 MPH)
|
| Top of the 1st over - 0 runs, 0 hits, 0 errors, 0 left on base; Seattle (APP) 0 - Bluefield 0 |
| BOTTOM OF THE 1ST |
|
Bluefield Blue Jays batting - Pitching for Seattle (APP) Mariners : RHP Mario Mata
|
|
Pitching: RHP Mario Mata
|
|
|
Batting: RHB Manny Elizondo
|
0-0: Called Strike 0-1: Ball 1-1: Foul Ball, location: 2F 1-2: Ball 2-2: Ball 3-2: Strikes out swinging
|
|
Batting: RHB Jorge Cruz
|
0-0: Ball 1-0: Ball 2-0: Ball 3-0: Called Strike 3-1: Fly out, F8 (Flyball, 8LM, EV 77.5 MPH)
|
|
Batting: RHB Mark Noftall
|
0-0: Ground out 6-3 (Groundball, 6, EV 83.8 MPH)
|
| Bottom of the 1st over - 0 runs, 0 hits, 0 errors, 0 left on base; Seattle (APP) 0 - Bluefield 0 |
| TOP OF THE 2ND |
|
Seattle (APP) Mariners batting - Pitching for Bluefield Blue Jays : RHP Shalom Diender
|
|
Batting: RHB Nick Edmunds
|
0-0: Ball 1-0: Swinging Strike 1-1: Fly out, F4 (Line Drive, 4, EV 71.2 MPH)
|
|
Batting: LHB Chang Huie
|
0-0: Ball 1-0: Foul Ball, location: 2F 1-1: Ball 2-1: Foul Ball, location: 2F 2-2: Ball 3-2: Strikes out looking
|
|
Batting: RHB Carlton McDonald
|
0-0: Ball 1-0: Ball 2-0: Ball 3-0: Base on Balls
|
|
Batting: RHB Joaquin Salazar
|
0-0: Ball 1-0: Ball Carlton McDonald steals 2nd base 2-0: Swinging Strike 2-1: Called Strike 2-2: SINGLE (Flyball, 5D, EV 90.0 MPH) - OUT at second base trying to stretch hit. Carlton McDonald scores
|
| Top of the 2nd over - 1 run, 1 hit, 0 errors, 0 left on base; Seattle (APP) 1 - Bluefield 0 |
| BOTTOM OF THE 2ND |
|
Bluefield Blue Jays batting - Pitching for Seattle (APP) Mariners : RHP Mario Mata
|
|
Batting: RHB Terry Plumley
|
0-0: Ball 1-0: Ground out 6-3 (Groundball, 56, EV 100.0 MPH)
|
|
Batting: RHB John Rios
|
0-0: Ball 1-0: Foul Ball, location: 2F 1-1: Foul Ball, location: 2F 1-2: SOLO HOME RUN (Flyball, 7LD, EV 92.5 MPH), Distance : 346 ft
|
|
Batting: LHB Nate Greening
|
0-0: Swinging Strike 0-1: Called Strike 0-2: Ball 1-2: Strikes out looking
|
|
Batting: LHB Ron de Vos
|
0-0: Swinging Strike 0-1: Ball 1-1: Foul Ball, location: 2F 1-2: Ball 2-2: Strikes out looking
|
| Bottom of the 2nd over - 1 run, 1 hit, 0 errors, 0 left on base; Seattle (APP) 1 - Bluefield 1 |
| TOP OF THE 3RD |
|
Seattle (APP) Mariners batting - Pitching for Bluefield Blue Jays : RHP Shalom Diender
|
|
Batting: RHB Ziven Badersky
|
0-0: Foul Ball, location: 2F 0-1: Ball 1-1: Called Strike 1-2: Ball 2-2: Ball 3-2: Strikes out swinging
|
|
Batting: LHB Prince Nunley
|
0-0: Ball 1-0: Called Strike 1-1: Foul Ball, location: 2F 1-2: Ball 2-2: Foul Ball, location: 2F 2-2: Foul Ball, location: 2F 2-2: Ball 3-2: Strikes out swinging
|
|
Batting: RHB Chris Van Niel
|
0-0: Fly out, F9 (Line Drive, 9, EV 95.6 MPH)
|
| Top of the 3rd over - 0 runs, 0 hits, 0 errors, 0 left on base; Seattle (APP) 1 - Bluefield 1 |
| BOTTOM OF THE 3RD |
|
Bluefield Blue Jays batting - Pitching for Seattle (APP) Mariners : RHP Mario Mata
|
|
Batting: RHB Lao-che Zhu
|
0-0: Called Strike 0-1: Swinging Strike 0-2: Strikes out swinging
|
|
Batting: RHB Benedikt Fleischmann
|
0-0: Called Strike 0-1: Ball 1-1: Ball 2-1: Ball 3-1: Foul Ball, location: 2F 3-2: Ground out 5-3 (Groundball, 5, EV 90.0 MPH)
|
|
Batting: RHB Manny Elizondo
|
0-0: Foul Ball, location: 2F 0-1: Ball 1-1: Ball 2-1: Ball 3-1: Base on Balls
|
|
Batting: RHB Jorge Cruz
|
0-0: Called Strike 0-1: Ball 1-1: Ground out 4-3 (Groundball, 4, EV 93.1 MPH)
|
| Bottom of the 3rd over - 0 runs, 0 hits, 0 errors, 1 left on base; Seattle (APP) 1 - Bluefield 1 |
| TOP OF THE 4TH |
|
Seattle (APP) Mariners batting - Pitching for Bluefield Blue Jays : RHP Shalom Diender
|
|
Batting: RHB John Vasquez
|
0-0: Ball 1-0: Foul Ball, location: 2F 1-1: Foul Ball, location: 2F 1-2: Fly out, F8 (Flyball, 8LXD, EV 94.4 MPH)
|
|
Batting: SHB Carlos Luna
|
0-0: Ball 1-0: Ground out 6-3 (Groundball, 56, EV 106.9 MPH)
|
|
Batting: RHB Nick Edmunds
|
0-0: Ball 1-0: Ball 2-0: Foul Ball, location: 2F 2-1: Called Strike 2-2: Ball 3-2: Foul Ball, location: 2F 3-2: Foul Ball, location: 2F 3-2: Foul Ball, location: 2F 3-2: SINGLE (Groundball, 56S, EV 65.0 MPH) (infield hit)
|
|
Batting: LHB Chang Huie
|
0-0: Swinging Strike 0-1: Foul Ball, location: 2F 0-2: Ball 1-2: Foul Ball, location: 2F 1-2: Ball 2-2: Foul Ball, location: 2F 2-2: 2-RUN HOME RUN (Flyball, 9D, EV 95.0 MPH), Distance : 381 ft
|
|
Batting: RHB Carlton McDonald
|
0-0: Hit by Pitch
|
|
Batting: RHB Joaquin Salazar
|
0-0: Ball 1-0: Fly out, F8 (Flyball, 8RD, EV 86.9 MPH)
|
| Top of the 4th over - 2 runs, 2 hits, 0 errors, 1 left on base; Seattle (APP) 3 - Bluefield 1 |
| BOTTOM OF THE 4TH |
|
Bluefield Blue Jays batting - Pitching for Seattle (APP) Mariners : RHP Mario Mata
|
|
Batting: RHB Mark Noftall
|
0-0: Ball 1-0: Ball 2-0: Foul Ball, location: 2F 2-1: Ball 3-1: Base on Balls
|
|
Batting: RHB Terry Plumley
|
0-0: SINGLE (Groundball, 56D, EV 100.0 MPH) Mark Noftall to second
|
|
Batting: RHB John Rios
|
0-0: Fly out, F6 (Line Drive, 6, EV 68.1 MPH)
|
|
Pinch Hitting: RHB Mike Chamberlain
|
0-0: Fly out, F9 (Flyball, 9, EV 86.2 MPH)
|
|
Batting: LHB Ron de Vos
|
0-0: Ball 1-0: Foul Ball, location: 2F 1-1: TRIPLE (Line Drive, 8RXD, EV 99.4 MPH) Mark Noftall scores Terry Plumley scores
|
|
Pinch Hitting: SHB Kevin Watson
|
0-0: Ball Wild Pitch! Ron de Vos scores 1-0: Ball 2-0: Ball 3-0: Called Strike 3-1: Foul Ball, location: 2F 3-2: Base on Balls
|
|
Batting: RHB Benedikt Fleischmann
|
0-0: Ball 1-0: Ball 2-0: Ball 3-0: Called Strike 3-1: Foul Ball, location: 2F 3-2: Strikes out swinging
|
| Bottom of the 4th over - 3 runs, 2 hits, 0 errors, 1 left on base; Seattle (APP) 3 - Bluefield 4 |
| TOP OF THE 5TH |
|
Seattle (APP) Mariners batting - Pitching for Bluefield Blue Jays : RHP Shalom Diender
|
|
Now at 1B: Mike Chamberlain
|
|
|
Now at 2B: Pete Duncan
|
|
|
Now at 3B: Terry Plumley
|
|
|
Batting: RHB Ziven Badersky
|
0-0: Foul Ball, location: 2F 0-1: Swinging Strike 0-2: Ball 1-2: Strikes out looking
|
|
Batting: LHB Prince Nunley
|
0-0: Swinging Strike 0-1: Ball 1-1: Foul Ball, location: 2F 1-2: Foul Ball, location: 2F 1-2: Ball 2-2: Ball 3-2: Ground out 4-3 (Groundball, 4, EV 101.2 MPH)
|
|
Batting: RHB Chris Van Niel
|
0-0: SINGLE (Groundball, 6M, EV 96.2 MPH)
|
|
Batting: RHB John Vasquez
|
0-0: Ball 1-0: Foul Ball, location: 2F 1-1: Called Strike Chris Van Niel steals 2nd base 1-2: Ball 2-2: Foul Ball, location: 2F 2-2: Ground out 6-3 (Groundball, 6, EV 76.2 MPH)
|
| Top of the 5th over - 0 runs, 1 hit, 0 errors, 1 left on base; Seattle (APP) 3 - Bluefield 4 |
| BOTTOM OF THE 5TH |
|
Bluefield Blue Jays batting - Pitching for Seattle (APP) Mariners : RHP Mario Mata
|
|
Batting: RHB Manny Elizondo
|
0-0: Ball 1-0: Fly out, F8 (Flyball, 78S, EV 88.8 MPH)
|
|
Batting: RHB Jorge Cruz
|
0-0: DOUBLE (Flyball, 8RXD, EV 114.4 MPH)
|
|
Batting: RHB Mark Noftall
|
0-0: Ball 1-0: Fly out, F4 (Line Drive, 4, EV 64.4 MPH) Lined into DP, 4-6 (Line Drive, 4, EV 63.8 MPH)
|
| Bottom of the 5th over - 0 runs, 1 hit, 0 errors, 0 left on base; Seattle (APP) 3 - Bluefield 4 |
| TOP OF THE 6TH |
|
Seattle (APP) Mariners batting - Pitching for Bluefield Blue Jays : RHP Shalom Diender
|
|
Batting: SHB Carlos Luna
|
0-0: Ball 1-0: SINGLE (Line Drive, 34, EV 98.1 MPH)
|
|
Batting: RHB Nick Edmunds
|
0-0: Called Strike 0-1: Ball 1-1: Foul Ball, location: 2F 1-2: Ball 2-2: Foul Ball, location: 2F 2-2: DOUBLE (Line Drive, 7LM, EV 108.8 MPH) Carlos Luna to third
|
|
Batting: LHB Chang Huie
|
0-0: Ball 1-0: Ball Wild Pitch! Carlos Luna scores Nick Edmunds to third 2-0: Swinging Strike 2-1: Foul Ball, location: 2F 2-2: Ball 3-2: Base on Balls
|
|
Batting: RHB Carlton McDonald
|
0-0: Ball 1-0: Ground out 5-3 (Groundball, 5S, EV 68.8 MPH) Chang Huie to second
|
|
Pitching: RHP Nick Ford
|
|
|
Batting: RHB Joaquin Salazar
|
0-0: Ball 1-0: TRIPLE (Flyball, 78XD, EV 110.6 MPH) Nick Edmunds scores Chang Huie scores
|
|
Batting: RHB Ziven Badersky
|
0-0: Swinging Strike 0-1: Reached on error, E5 (Groundball, 56S, EV 86.2 MPH) Joaquin Salazar scores
|
|
Batting: LHB Prince Nunley
|
0-0: Called Strike 0-1: Ball 1-1: Ball Ziven Badersky steals 2nd base 2-1: SINGLE (Line Drive, 3D, EV 104.4 MPH) Ziven Badersky to third
|
|
Batting: RHB Chris Van Niel
|
0-0: Called Strike 0-1: Ball 1-1: Grounds into double play, 6-4-3 (Groundball, 6, EV 81.9 MPH)
|
| Top of the 6th over - 4 runs, 4 hits, 1 error, 1 left on base; Seattle (APP) 7 - Bluefield 4 |
| BOTTOM OF THE 6TH |
|
Bluefield Blue Jays batting - Pitching for Seattle (APP) Mariners : RHP Mario Mata
|
|
Batting: RHB Terry Plumley
|
0-0: SINGLE (Groundball, 6MD, EV 101.9 MPH)
|
|
Batting: RHB John Rios
|
0-0: Ball 1-0: Ball 2-0: Foul Ball, location: 2F 2-1: Swinging Strike 2-2: Ball 3-2: SINGLE (Line Drive, 89S, EV 98.8 MPH) Terry Plumley to second
|
|
Batting: RHB Mike Chamberlain
|
0-0: Ball 1-0: Ball 2-0: Ball 3-0: Base on Balls Terry Plumley to third John Rios to second
|
|
Pitching: LHP Will Creelman
|
|
|
Pinch Hitting: RHB Carlos Bravo
|
0-0: Ball 1-0: Called Strike 1-1: Ball 2-1: Called Strike 2-2: Ball 3-2: Base on Balls Terry Plumley scores John Rios to third Mike Chamberlain to second
|
|
Batting: RHB Pete Duncan
|
0-0: Fly out, F8 (Flyball, 8RD, EV 99.4 MPH) Throwing error, E8 John Rios scores Mike Chamberlain to third Carlos Bravo to second
|
|
Pinch Hitting: RHB Jake Bronner
|
0-0: Foul Ball, location: 2F 0-1: Fly out, F9 (Line Drive, 9, EV 103.1 MPH) Runner from 3rd tags up, SCORES, throw by RF Carlos Bravo to third
|
|
Batting: RHB Manny Elizondo
|
0-0: Swinging Strike 0-1: Ball 1-1: Called Strike 1-2: Strikes out swinging
|
| Bottom of the 6th over - 3 runs, 2 hits, 1 error, 1 left on base; Seattle (APP) 7 - Bluefield 7 |
| TOP OF THE 7TH |
|
Seattle (APP) Mariners batting - Pitching for Bluefield Blue Jays : RHP Nick Ford
|
|
Now in CF: Jake Bronner
|
|
|
Now in RF: Carlos Bravo
|
|
|
Batting: RHB John Vasquez
|
0-0: Ball 1-0: Called Strike 1-1: Ground out 6-3 (Groundball, 56, EV 109.4 MPH)
|
|
Batting: SHB Carlos Luna
|
0-0: Called Strike 0-1: Ball 1-1: Ground out 5-3 (Groundball, 5, EV 105.6 MPH)
|
|
Batting: RHB Nick Edmunds
|
0-0: Ball 1-0: Ground out 4-3 (Groundball, 4, EV 99.4 MPH)
|
| Top of the 7th over - 0 runs, 0 hits, 0 errors, 0 left on base; Seattle (APP) 7 - Bluefield 7 |
| BOTTOM OF THE 7TH |
|
Bluefield Blue Jays batting - Pitching for Seattle (APP) Mariners : LHP Will Creelman
|
|
Batting: RHB Jorge Cruz
|
0-0: Fly out, F7 (Flyball, 78S, EV 80.6 MPH)
|
|
Batting: RHB Mark Noftall
|
0-0: Called Strike 0-1: Foul Ball, location: 2F 0-2: SOLO HOME RUN (Flyball, 7D, EV 100.0 MPH), Distance : 376 ft
|
|
Batting: RHB Terry Plumley
|
0-0: Called Strike 0-1: Foul Ball, location: 2F 0-2: Ball 1-2: Foul Ball, location: 2F 1-2: Ball 2-2: Ball 3-2: Base on Balls
|
|
Batting: RHB John Rios
|
0-0: Swinging Strike 0-1: Ball 1-1: Swinging Strike 1-2: Ball 2-2: Foul Ball, location: 2F 2-2: Fly out, F9 (Line Drive, 89D, EV 98.1 MPH)
|
|
Batting: RHB Mike Chamberlain
|
0-0: Called Strike 0-1: Called Strike 0-2: Foul Ball, location: 2F 0-2: Ball 1-2: Ball 2-2: Foul Ball, location: 2F 2-2: Ball 3-2: Foul Ball, location: 2F 3-2: Ground out U3 (Groundball, 3, EV 88.8 MPH)
|
| Bottom of the 7th over - 1 run, 1 hit, 0 errors, 1 left on base; Seattle (APP) 7 - Bluefield 8 |
| TOP OF THE 8TH |
|
Seattle (APP) Mariners batting - Pitching for Bluefield Blue Jays : RHP Nick Ford
|
|
Batting: LHB Chang Huie
|
0-0: Ball 1-0: Foul Ball, location: 2F 1-1: Fly out, F4 (Popup, 34S, EV 76.2 MPH)
|
|
Batting: RHB Carlton McDonald
|
0-0: Swinging Strike 0-1: Ball 1-1: Ball 2-1: Called Strike 2-2: Ball 3-2: Strikes out swinging
|
|
Batting: RHB Joaquin Salazar
|
0-0: Called Strike 0-1: Foul Ball, location: 2F 0-2: Foul Ball, location: 2F 0-2: Strikes out swinging
|
| Top of the 8th over - 0 runs, 0 hits, 0 errors, 0 left on base; Seattle (APP) 7 - Bluefield 8 |
| BOTTOM OF THE 8TH |
|
Bluefield Blue Jays batting - Pitching for Seattle (APP) Mariners : LHP Will Creelman
|
|
Batting: RHB Carlos Bravo
|
0-0: Called Strike 0-1: Fly out, F8 (Line Drive, 8LD, EV 85.6 MPH)
|
|
Batting: RHB Pete Duncan
|
0-0: SINGLE (Line Drive, 4M, EV 103.8 MPH)
|
|
Pitching: RHP Victor Ocampo
|
|
|
Batting: RHB Jake Bronner
|
0-0: Ball 1-0: Called Strike 1-1: Swinging Strike 1-2: Fly out, F7 (Flyball, 7S, EV 84.4 MPH)
|
|
Pinch Hitting: LHB Lothar Middelkoop
|
0-0: Ball 1-0: Ball Pete Duncan steals 2nd, throwing error, E2 Pete Duncan to third 2-0: 2-RUN HOME RUN (Flyball, 7LD, EV 92.5 MPH), Distance : 339 ft
|
|
Batting: RHB Jorge Cruz
|
0-0: Called Strike 0-1: Fly out, F7 (Line Drive, 7, EV 93.1 MPH)
|
| Bottom of the 8th over - 2 runs, 2 hits, 1 error, 0 left on base; Seattle (APP) 7 - Bluefield 10 |
| TOP OF THE 9TH |
|
Seattle (APP) Mariners batting - Pitching for Bluefield Blue Jays : RHP Nick Ford
|
|
Pitching: LHP Matt Ray
|
|
|
Now in LF: Mike Johnson
|
|
|
Batting: RHB Ziven Badersky
|
0-0: Foul Ball, location: 2F 0-1: Called Strike 0-2: Ball 1-2: Ball 2-2: Strikes out swinging
|
|
Pinch Hitting: RHB Nick Ellis
|
0-0: Called Strike 0-1: Called Strike 0-2: Ball 1-2: Ball 2-2: Foul Ball, location: 2F 2-2: Ball 3-2: Foul Ball, location: 2F 3-2: Strikes out swinging
|
|
Batting: RHB Chris Van Niel
|
0-0: Ball 1-0: Ball 2-0: Ball 3-0: Base on Balls
|
|
Batting: RHB John Vasquez
|
0-0: Called Strike 0-1: Ground out U3 (Groundball, 3, EV 86.9 MPH)
|
| Top of the 9th over - 0 runs, 0 hits, 0 errors, 1 left on base; Seattle (APP) 7 - Bluefield 10 |
|